 Dungeon Crawl Stone Soup version 0.30.1-4-g462c640d31 (webtiles) character file.

Game seed: 4325247405977918442

152 lonewolfV2 the Shield-Bearer (level 5, 0/52 HPs)
             Began as a Troll Fighter on Aug 25, 2023.
             Slain by a phantom (1 damage)
             ... on level 4 of the Dungeon.
             The game lasted 00:02:33 (2324 turns).

lonewolfV2 the Shield-Bearer (Troll Fighter)        Turns: 2324, Time: 00:02:34

Health: 0/52       AC:  4    Str: 26    XL:     5   Next: 11%
Magic:  3/3        EV:  9    Int:  4    God:
Gold:   146        SH:  8    Dex:  9    Spells: 4/4 levels left

rFire   . .          .
                       - Unarmed
rCold   . . .        b - +0 kite shield
rNeg    . . .        a - +0 robe
rPois   .            (helmet restricted)
rElec   .            (no cloak)
rCorr   .            (gloves unavailable)
SInv    .            (boots unavailable)
Will    .....        (no amulet)
Stlth   +            (no ring)
HPRegen 1.08/turn    (no ring)
MPRegen 0.08/turn

%: no passive effects
@: brilliant, weakened
A: large, unfitting armour, claws 3, regeneration 1, shaggy fur 1, tough skin 1,
low MP 1, sense surroundings 1
a: no special abilities


You were on level 4 of the Dungeon.
You visited 1 branch of the dungeon, and saw 4 of its levels.

You collected 146 gold pieces.

Inventory:

Armour
 a - a +0 robe (worn)
 b - a +0 kite shield (worn)
Jewellery
 f - a +6 ring of strength
Wands
 j - a wand of quicksilver (5)
 m - a wand of roots (2)
Scrolls
 d - 5 scrolls of teleportation {unknown}
 e - 2 scrolls of immolation {unknown}
 h - a scroll of silence {unknown}
 i - a scroll of identify {unknown}
 k - a scroll of noise {unknown}
Potions
 c - a potion of might


   Skills:
 + Level 2.8 Fighting
 + Level 3.2 Dodging
 + Level 0.2 Stealth
 + Level 3.6 Shields
 + Level 3.2 Unarmed Combat


You had 4 spell levels left.
You didn't know any spells.
Your spell library contained the following spells:

 Spells                   Type           Power      Damage    Failure   Level
 Chain Lightning          Conj/Air       0%         N/A       100%        9
 Fire Storm               Conj/Fire      0%         5d1       100%        9
 Shatter                  Erth           0%         3d5*      100%        9


Dungeon Overview and Level Annotations

Branches:
Dungeon (4/15)
 Temple: D:4-7

Altars:
Nemelex Xobeh
The Shining One


Innate Abilities, Weirdness & Mutations

You are too large for most types of armour.
You have claws for hands.
Your natural rate of healing is unusually fast.
You are covered in fur. (AC +1)
You have tough skin. (AC +1)
Your magical capacity is low. (-10% MP)
You passively map a small area around you.


Message History

You closely miss the phantom.
The phantom is moderately damaged.
The phantom hits you!
The gnoll hits you from afar with a +0 spear.
You closely miss the phantom.
The phantom is moderately damaged.
The phantom barely misses you.
The gnoll hits you from afar with a +0 spear.
The phantom barely misses you.
You completely miss the phantom.
The phantom is moderately damaged.
You block the gnoll's attack.
The gnoll hits you from afar with a +0 spear.
The phantom hits you but does no damage.
You closely miss the phantom.
The phantom is moderately damaged.
The gnoll hits you from afar with a +0 spear. x2
The gnoll bouda gazes fiercely through you!
You feel your attacks grow feeble.
The gnoll bouda hits you with a +0 whip!
* * * LOW HITPOINT WARNING * * *
The phantom hits you.
* * * LOW HITPOINT WARNING * * *
You claw the gnoll bouda!
The gnoll bouda is severely wounded.
You block the gnoll's attack. The gnoll barely misses you.
The phantom closely misses you. The gnoll bouda closely misses you.
You completely miss the gnoll bouda.
The gnoll bouda is severely wounded.
The gnoll hits you but does no damage.
The gnoll hits you from afar with a +0 spear.
* * * LOW HITPOINT WARNING * * *
You block the gnoll bouda's attack. The phantom hits you.
* * * LOW HITPOINT WARNING * * *
It was a potion of brilliance.
You feel clever all of a sudden.
The gnoll hits you from afar with a +0 spear.
* * * LOW HITPOINT WARNING * * *
The gnoll misses you. The phantom hits you.
You die...

#.. *.#,
#..###.#.#.# ##
#..........# *
.#.#.#.#.#.#.#.##
................
.#.#.#.#.#.#.#.##
,...............#
#.#.#.#.#g#g#.##
.........g.@...#
,#.#.#.#.#.#W#.##
*
.......ยง.).......
.#.#.#.#<#.#.#.#.#
................#
#.#.#.#.#.#.#.#.#
* ...##.####.#...#
,... .. #...# # ,
## ##. #*


You could see a phantom, a gnoll bouda and 2 gnolls.

Vanquished Creatures
  Jessica (D:2)
  2 adders (D:2)
  2 gnolls (D:3)
  A white imp (D:3)
  4 worms
  2 dart slugs
  6 orcs
  3 ball pythons
  2 bats (D:3)
  5 endoplasms
  A giant cockroach (D:1)
  2 goblins
  3 hobgoblins
  6 kobolds
  5 quokkas
  7 frilled lizards
  A goblin skeleton (D:3)
  A goblin zombie (D:3)
  2 hobgoblin zombies (D:3)
  2 kobold skeletons (D:3)
  A kobold zombie (D:3)
  An orc skeleton (D:3)
  2 orc zombies (D:3)
  2 rats
64 creatures vanquished.

Notes
Turn   | Place    | Note
-------+----------+-------------------------------------------
     0 | D:1      | lonewolfV2 the Troll Fighter began the quest for the Orb.
     0 | D:1      | Reached XP level 1. HP: 22/22 MP: 0/0
   434 | D:1      | Reached XP level 2. HP: 22/29 MP: 1/1
   929 | D:2      | Reached XP level 3. HP: 36/36 MP: 2/2
  1152 | D:2      | Noticed Jessica
  1157 | D:2      | Killed Jessica
  1158 | D:2      | Reached XP level 4. HP: 44/44 MP: 3/3
  1172 | D:2      | Found a sparkling altar of Nemelex Xobeh.
  1413 | D:3      | Found a glowing golden altar of the Shining One.
  2246 | D:4      | Noticed a phantom
  2268 | D:3      | Reached XP level 5. HP: 5/52 MP: 4/4
  2271 | D:3      | Gained mutation: Your magical capacity is low. (-10% MP)
                  | [potion of mutation]
  2271 | D:3      | Gained mutation: You passively map a small area around you.
                  | [potion of mutation]
  2324 | D:4      | HP: 1/52 [gnoll/+0 spear[a gnoll bouda] (5)]
  2324 | D:4      | Slain by a phantom

Illustrated notes

Levels and vault maps discovered:
D:1:      sevenhm_arrival_forest_fort_large_2, layout_basic
D:2:      layout_rooms, basic_altar, feat_on_display, uniq_jessica
D:3:      layout_basic, nicolae_tso_besieged_by_evil, serial_bayou,
          serial_bayou_ford_a, serial_bayou_pond_d, serial_bayou_pond_b,
          serial_bayou_pond_a, minmay_misc_feat_secret_circle, fountainhead
D:4:      minmay_chambers_of_twos, layout_loops_corners,
          nicolae_overflow_crystal_walls, serial_shops, shop,
          biasface_ghost_orc_armoury, st_stairs_11

Skill      XL: |  1  2  3  4 |
---------------+-------------+-----
Shields        | 3 |  3.6
Dodging        | 3 |  3.2
Unarmed Combat | 3 |  3.2
Fighting       | |  2.8
Stealth        | |  0.2

Action                     |  1- 3 |  4- 6 || total
---------------------------+-------+-------++-------
  Melee: Unarmed           |    88 |   110 ||   198
    Use: Potion            |       |     5 ||     5
   Stab: Invisible         |       |     2 ||     2
 Armour: Robe              |    21 |    40 ||    61
  Dodge: Dodged            |    28 |    64 ||    92
  Block: Kite shield       |    29 |    53 ||    82
